 Dungeon Crawl Stone Soup version 0.28-a0-1447-ga5a8893891 (webtiles) character file.

Game seed: 2215167847993651062

2 eustatius the Changer (level 1, 0/13 HPs)
             Began as a Merfolk Wanderer on Jan 10, 2022.
             Slain by a bat (1 damage)
             ... on level 1 of the Dungeon.
             The game lasted 00:02:26 (69 turns).

eustatius the Changer (Merfolk Wanderer)              Turns: 69, Time: 00:02:27

Health: 0/13       AC:  2    Str:  9    XL:     1   Next: 40%
Magic:  2/2        EV: 10    Int: 12    God:
Gold:   0          SH:  4    Dex: 15    Spells: 0/2 levels left

rFire   . . .      SeeInvis .   a - +0 dagger
rCold   . . .      Faith    .   c - +0 buckler
rNeg    . . .      Spirit   .   b - +0 robe
rPois   .          Reflect  .   (no helmet)
rElec   .          Harm     .   (no cloak)
rCorr   .          Rampage  .   (no gloves)
Will    .....                   (no boots)
Stlth   +.........              (no amulet)
HPRegen 0.04/turn               (no ring)
MPRegen 0.08/turn               (no ring)

@: no status effects
A: (nimble swimmer 2), mertail
a: no special abilities


You were on level 1 of the Dungeon.
You visited 1 branch of the dungeon, and saw 1 of its levels.

Inventory:

Hand Weapons
 a - a +0 dagger (weapon)
Armour
 b - a +0 robe (worn)
 c - a +0 buckler (worn)


   Skills:
 - Level 1.0 Armour
 + Level 2.0 Shields
 + Level 1.0 Spellcasting
 + Level 5.3 Transmutations
 * Level 1.0 Air Magic
 * Level 1.4 Evocations


You couldn't memorise any spells.
You knew the following spells:

 Your Spells              Type           Power      Damage    Failure   Level
a - Shock                 Conj/Air       4%         1d3       32%         1
b - Beastly Appendage     Tmut           26%        N/A       4%          1

Your spell library contained the following spells:

 Spells                   Type           Power      Damage    Failure   Level
 Spider Form              Tmut/Pois      6%         N/A       38%         3
 Swiftness                Air            3%         N/A       61%         3
 Ice Form                 Ice/Tmut       6%         N/A       80%         4


Dungeon Overview and Level Annotations

Branches:
Dungeon (1/15)

Altars:


Innate Abilities, Weirdness & Mutations

((You are very nimble when in or above water. (Stealth+, EV+, Speed+++)))
Your lower body shifts to a powerful aquatic tail in water.


Message History

The bat hits you but does no damage. The dart slug launches a dart at you.
The slug dart hits you.
You hit the dart slug but do no damage.
The dart slug is moderately wounded.
You block the bat's attack. The dart slug launches a dart at you.
The slug dart misses you.
You hit the dart slug.
The dart slug is heavily wounded.
The bat barely misses you. x2; You block the dart slug's attack.
You hit the dart slug but do no damage.
The dart slug is heavily wounded.
The bat hits you but does no damage.
You hit the dart slug.
The dart slug is severely wounded.
The bat hits you but does no damage. x2; The dart slug bites you.
* * * LOW HITPOINT WARNING * * *
You hit the dart slug.
The dart slug is severely wounded.
You block the bat's attack. The dart slug completely misses you.
You hit the dart slug.
You kill the dart slug!
The bat barely misses you. The bat hits you but does no damage.
The bat barely misses you.
You hit the bat.
The bat is moderately wounded.
You block the bat's attack. The bat barely misses you.
The bat hits you but does no damage. The bat barely misses you.
The bat hits you.
* * * LOW HITPOINT WARNING * * *
The bat hits you.
* * * LOW HITPOINT WARNING * * *
A bat comes into view.
You hit the bat.
The bat is severely wounded.
The bat hits you but does no damage. The bat hits you.
You die...

.......#####.......
≈≈≈≈≈≈.∩...#.......
.......###......#
⌠.♣.⌠.##
#.####+#####
......#
#..........#
#######
#..........#
###.#..........#
+........#b...##
###.#.##.#.@..#
#.#.##.#....# #
#.##.#....#
#.##.#....# #.#
.#.b..# #.# #....#
#. #....# #....#
#....#


You could see 2 bats.

Vanquished Creatures
  A dart slug (D:1)
1 creature vanquished.

Notes
Turn   | Place    | Note
-------+----------+-------------------------------------------
     0 | D:1      | eustatius the Merfolk Wanderer began the quest for the Orb.
     0 | D:1      | eustatius set off with the following items: a +0 dagger, a
                  | +0 robe, a +0 buckler; and the following spells available
                  | to memorise: Beastly Appendage, Shock, Spider Form,
                  | Swiftness, Ice Form
     0 | D:1      | Reached XP level 1. HP: 13/13 MP: 2/2
     2 | D:1      | Learned a level 1 spell: Shock
     4 | D:1      | Learned a level 1 spell: Beastly Appendage
    69 | D:1      | Slain by a bat

Illustrated notes

Levels and vault maps discovered:
D:1:      mainiacjoe_arrival_reflecting_pool, layout_basic,
          hellmonk_ecumenical_altar_heavens_door, minmay_cupped

Action                   || total
-------------------------++-------
Melee: Dagger            ||    18
 Cast: Shock             ||     1
Armor: Robe              ||    17
Dodge: Dodged            ||    23
Block: Buckler           ||    12

Table legend: (Time is in decaauts)
 A = Elapsed time spent in this place.
 B = Non-inter-level travel time spent in this place.
 C = Inter-level travel time spent in this place.
 D = Time resting spent in this place.
 E = Time spent auto-exploring this place.
 F = Levels seen in this place.
 G = Mean time per level.
                   A        B        C        D        E       F      G
               +--------+--------+--------+--------+--------+-----+--------+
         Total |     69 |     69 |      0 |      0 |     18 |   1 |   69.0 |
       Dungeon |     69 |     69 |      0 |      0 |     18 |   1 |   69.0 |
               +--------+--------+--------+--------+--------+-----+--------+

Top non-repeatable levels by time:
     D:1: 69 daAuts
